[Event "Team 45 45 League T49"]
[Site "Internet Chess Club"]
[Date "2011.05.19"]
[Round "2"]
[White "mugurelt"]
[Black "rayonline53"]
[Result "1-0"]
[WhiteElo "1671"]
[BlackElo "1425"]
[Opening "Polish (Sokolsky) opening"]
[ECO "A00"]
[Time "17:02:14"]
[TimeControl "2700+45"]

1. b4 d5 2. Bb2 e6 3. b5 Nf6 4. e3 c5 5. Nf3 Be7 6. Be2 O-O 7. O-O a6 8. a4 Bd7
9. c4 dxc4 10. Bxc4 axb5 11. axb5 Rxa1 12. Bxa1 Ne4 13. Nc3 Nxc3 14. Bxc3 Bf6
15. d4 cxd4 16. Bxd4 Bxd4 17. Qxd4 Qa5 18. Ra1 Qb4 19. Nd2 h6 20. h3 Qe7 21. Ne4
Rd8 22. Qb6 Bc8 23. Ra8 Nd7 24. Qc7 Qe8 25. Nd6 {Black resigns} 1-0

[Event "Team 45 45 League T49"]
[Site "Internet Chess Club"]
[Date "2011.05.22"]
[Round "2"]
[White "Giacometti"]
[Black "Victorianum"]
[Result "1/2-1/2"]
[WhiteElo "1659"]
[BlackElo "1772"]
[Opening "Bird's opening"]
[ECO "A02"]
[Time "08:02:05"]
[TimeControl "2700+45"]

1. f4 Nf6 2. Nf3 g6 3. d3 d5 4. g3 Bg7 5. Bg2 O-O 6. O-O c5 7. c3 Nc6 8. Nbd2
Qc7 9. e4 dxe4 10. Nxe4 Nxe4 11. dxe4 e5 12. fxe5 Nxe5 13. Nxe5 Bxe5 14. Bh6 Rd8
15. Qf3 Be6 16. Bf4 c4 17. Rad1 Qb6+ 18. Qf2 Qc7 19. Rxd8+ Rxd8 20. Bxe5 Qxe5
21. Qxa7 b5 22. Qf2 Qg5 23. Qf4 {Game drawn by mutual agreement} 1/2-1/2

[Event "Team 45 45 League T49"]
[Site "Internet Chess Club"]
[Date "2011.05.22"]
[Round "2"]
[White "chrisgianno"]
[Black "DanMcClintic"]
[Result "1-0"]
[WhiteElo "1559"]
[BlackElo "1595"]
[Opening "Pirc: classical (two knights) system"]
[ECO "A48"]
[Time "09:06:31"]
[TimeControl "2700+45"]

1. d4 Nf6 2. Nf3 g6 3. Nc3 Bg7 4. e4 d6 5. Be3 O-O 6. Bd3 e5 7. dxe5 dxe5 8.
Nxe5 Nxe4 9. Bxe4 Bxe5 10. Qf3 c6 11. h4 h5 12. Bg5 Bg4 13. Qe3 Qd4 14. f3 Be6
15. g4 hxg4 16. h5 gxf3 17. hxg6 f2+ 18. Kxf2 fxg6+ 19. Kg2 Bf5 20. Qe2 Na6 21.
Rad1 Bxe4+ 22. Nxe4 Qxb2 23. Qc4+ Rf7 24. Rdf1 Rf8 25. Rxf7 Rxf7 26. Rf1 Qd4 27.
Qxf7+ Kh8 28. Rh1+ Bh2 29. Rxh2# {Black checkmated} 1-0

[Event "Team 45 45 League T49"]
[Site "Internet Chess Club"]
[Date "2011.05.23"]
[Round "2"]
[White "CaoCao"]
[Black "Lzmann"]
[Result "0-1"]
[WhiteElo "1870"]
[BlackElo "1828"]
[Opening "French: Steinitz, Boleslavsky variation"]
[ECO "C11"]
[Time "21:01:19"]
[TimeControl "2700+45"]

1. e4 e6 2. d4 d5 3. Nc3 Nf6 4. e5 Nfd7 5. f4 c5 6. Nf3 Nc6 7. Be3 cxd4 8. Nxd4
Bc5 9. Qd2 O-O 10. O-O-O a6 11. Kb1 Nxd4 12. Bxd4 b5 13. Bxc5 Nxc5 14. Qd4 Qc7
15. Bd3 Bd7 16. Ne2 Rfc8 17. Rc1 a5 18. g4 b4 19. f5 a4 20. Nf4 Qa7 21. fxe6
Bxe6 22. Bf5 Qa5 23. Bxe6 Nxe6 24. Nxe6 Rc4 25. Qf2 fxe6 26. Rhf1 Qc7 27. Qf3 a3
28. Rcd1 Rxc2 29. Rc1 Rc8 30. Qf4 axb2 31. Rcd1 b3 32. axb3 Rg2 {White resigns}
0-1

[Event "Team 45 45 League T49"]
[Site "Internet Chess Club"]
[Date "2011.05.22"]
[Round "2"]
[White "pawn111"]
[Black "RamRock"]
[Result "0-1"]
[WhiteElo "1855"]
[BlackElo "1841"]
[Opening "Sicilian: O'Kelly variation"]
[ECO "B28"]
[Time "15:36:35"]
[TimeControl "2700+45"]

1. e4 c5 2. Nf3 a6 3. c3 Nc6 4. d4 cxd4 5. cxd4 d5 6. e5 Bg4 7. Nbd2 Nh6 8. Be2
e6 9. h3 Bxf3 10. Nxf3 Nf5 11. O-O Be7 12. Qd3 Qb6 13. Rd1 O-O 14. Kh1 Rac8 15.
Be3 Rc7 16. Rd2 Rfc8 17. g4 Nxe3 18. Qxe3 Nb4 19. Qb3 Qa5 20. a3 Nc6 21. Rc2 b5
22. Kg2 Qb6 23. Rd1 Na5 24. Rxc7 Qxc7 25. Qe3 Qc2 26. b4 Rc3 27. Rd3 Nc4 28.
Rxc3 Nxe3+ 29. Rxe3 Qb2 30. Ne1 Bg5 31. Nd3 Qd2 32. Kf3 Bxe3 33. fxe3 Qc3 34.
Nc5 Qxa3 35. h4 Kf8 36. Kf4 Ke7 {White resigns} 0-1

[Event "Team 45 45 League T49"]
[Site "Internet Chess Club"]
[Date "2011.05.22"]
[Round "2"]
[White "hewdondada"]
[Black "BuddyT"]
[Result "0-1"]
[WhiteElo "1765"]
[BlackElo "1758"]
[Opening "Queen's pawn: Keres defense"]
[ECO "A40"]
[Time "21:23:01"]
[TimeControl "2700+45"]

1. d4 e6 2. c4 b6 3. e4 Bb7 4. Nc3 Bb4 5. Qc2 f5 6. exf5 Qe7 7. fxe6 Qxe6+ 8.
Qe2 Nc6 9. Be3 Nce7 10. Nf3 Nf6 11. d5 Qf5 12. Qd3 O-O 13. O-O-O Qh5 14. Be2 Qe8
15. h3 a5 16. Nb5 Bd6 17. Nxd6 cxd6 18. Bxb6 Qc8 19. Kb1 Ba6 20. Bd4 Nexd5 21.
Bxf6 Nf4 22. Qxd6 Rxf6 23. Qd2 d5 24. Ne5 Nxe2 25. Qxe2 Qf5+ 26. Ka1 Re8 27.
Rhe1 Bxc4 28. f4 Bxe2 29. Rxe2 Qxf4 30. Nd3 Rxe2 31. Nxf4 Rxf4 32. a3 Rf5 33. g4
Rfe5 34. Ka2 Kf7 35. h4 Ke6 36. Rc1 Kd6 37. Rc8 a4 38. Rg8 Re7 39. Rh8 g6 40. h5
gxh5 41. gxh5 R2e5 42. h6 Re4 43. Rd8+ Rd7 44. Rf8 Ke7 45. Rf5 d4 46. Rg5 Kf6
47. Rg8 d3 48. Rf8+ Kg6 49. Rf1 d2 50. Rd1 Re1 51. Rxd2 Ra1+ {White resigns} 0-1

[Event "Team 45 45 League T49"]
[Site "Internet Chess Club"]
[Date "2011.05.19"]
[Round "2"]
[White "wrimle"]
[Black "Portola"]
[Result "1/2-1/2"]
[WhiteElo "1680"]
[BlackElo "1838"]
[Opening "French: advance, Nimzovich system"]
[ECO "C02"]
[Time "15:03:34"]
[TimeControl "2700+45"]

1. e4 e6 2. d4 d5 3. e5 c5 4. Nf3 Qb6 5. Bd3 Bd7 6. O-O Nc6 7. a3 c4 8. Be2 Nge7
9. b3 cxb3 10. cxb3 Nf5 11. Bb2 Be7 12. g4 Nh4 13. Nbd2 Ng6 14. b4 Qd8 15. Re1
O-O 16. Nf1 f6 17. b5 Na5 18. Bd3 Nf4 19. Bc1 Nxd3 20. Qxd3 Nc4 21. a4 fxe5 22.
Nxe5 Nxe5 23. Rxe5 g6 24. Ba3 Bxa3 25. Rxa3 Qf6 26. Qe3 Rac8 27. Ra2 Kg7 28. g5
Qf4 29. Kg2 Rc4 30. Ng3 Qxd4 31. Qxd4 Rxd4 32. Ne2 Rc4 33. Kg3 Rf5 34. f4 Rxe5
35. fxe5 Bc8 36. Nf4 Bd7 37. Kf3 Rc3+ 38. Ke2 Rc4 39. Ke3 Bc8 40. Nd3 Bd7 41.
Nf2 Bc8 42. Kf3 Bd7 43. Ng4 Bc8 44. Nf6 b6 45. Ne8+ Kf8 46. Nd6 Rc3+ 47. Kg2 Kg8
48. Rf2 Bd7 49. Rf7 Rc7 50. Kf3 Rc3+ 51. Kg4 Rc7 52. h3 d4 53. Kf4 Rb7 54. Ke4
a6 55. Nxb7 Kxf7 56. bxa6 Bc6+ 57. Kxd4 Ke7 58. Kc3 Kd7 59. Kb4 Bxb7 60. axb7
Kc7 61. Kb5 Kxb7 62. h4 Kc7 63. Kc4 Kb7 64. Kb5 Kc7 65. Kc4 Kb7 66. Kb5 Kc7 67.
Kc4 {Game drawn by repetition} 1/2-1/2

[Event "Team 45 45 League T49"]
[Site "Internet Chess Club"]
[Date "2011.05.21"]
[Round "2"]
[White "gerailen0075"]
[Black "jjmolina"]
[Result "1/2-1/2"]
[WhiteElo "1915"]
[BlackElo "1743"]
[Opening "Evans gambit: Cordel variation"]
[ECO "C51"]
[Time "16:45:38"]
[TimeControl "2700+45"]

1. e4 e5 2. Nf3 Nc6 3. Bc4 Bc5 4. b4 Bxb4 5. c3 Be7 6. d4 Na5 7. Be2 exd4 8.
Qxd4 d6 9. Qxg7 Bf6 10. Qg3 Qe7 11. Qf4 Nc6 12. O-O Bd7 13. Be3 Bg7 14. Bd4 Nxd4
15. Nxd4 Qe5 16. Qe3 Nf6 17. Nd2 Ng4 18. Bxg4 Bxg4 19. Nc4 Qc5 20. Qf4 Qxc4 21.
Qxg4 Bxd4 22. cxd4 Qxd4 23. Rad1 Qe5 24. Qh3 Qe6 25. Qa3 Qe5 26. Qa4+ Kf8 27.
Rd5 Qe6 28. Qb4 b6 29. Qc3 Rg8 30. Qxc7 Rxg2+ 31. Kxg2 Qg4+ 32. Kh1 Qf3+ 33. Kg1
Qg4+ 34. Kh1 Qf3+ 35. Kg1 Qg4+ 36. Kh1 Qf3+ 37. Kg1 Qg4+ {Game drawn by
repetition} 1/2-1/2

[Event "Team 45 45 League T49"]
[Site "Internet Chess Club"]
[Date "2011.05.24"]
[Round "2"]
[White "IceBox"]
[Black "Duguesclin"]
[Result "0-1"]
[WhiteElo "1742"]
[BlackElo "1575"]
[Opening "Sicilian defense"]
[ECO "B30"]
[Time "16:00:09"]
[TimeControl "2700+45"]

1. e4 c5 2. Nf3 Nc6 3. g3 d6 4. Bg2 e5 5. O-O Be7 6. d3 h6 7. Be3 Nf6 8. c3 Bg4
9. Nbd2 Qd7 10. Qc2 Rc8 11. Rac1 O-O 12. Qb1 Bh3 13. d4 cxd4 14. cxd4 Bxg2 15.
Kxg2 Ng4 16. Qd3 Nb4 17. Qb3 Nxe3+ 18. Qxe3 Rxc1 19. Rxc1 Nxa2 20. Ra1 Nb4 21.
Rxa7 Nc6 22. Ra2 f5 23. dxe5 dxe5 24. Nc4 Qe6 25. b3 b5 26. Nb6 Nb4 27. Rd2 fxe4
28. Qxe4 Qxb6 29. Nxe5 Qe6 30. f4 Bd6 31. Qd4 Bxe5 32. Qxb4 Qc6+ 33. Kh3 Bc3 34.
Rc2 Qc8+ {White resigns} 0-1

[Event "Team 45 45 League T49"]
[Site "Internet Chess Club"]
[Date "2011.05.22"]
[Round "2"]
[White "room-matt"]
[Black "isolani"]
[Result "1-0"]
[WhiteElo "1661"]
[BlackElo "1387"]
[Opening "Pirc: Ufimtsev-Pytel variation"]
[ECO "B07"]
[Time "10:03:32"]
[TimeControl "2700+45"]

1. e4 d6 2. d4 Nf6 3. Nc3 c6 4. f4 Qa5 5. Bd3 e5 6. dxe5 dxe5 7. fxe5 Ng4 8. Nf3
Bc5 9. Rf1 Nd7 10. Bd2 Ne3 11. Bxe3 Bxe3 12. Qe2 Bf4 13. Bc4 O-O 14. e6 fxe6 15.
Bxe6+ Kh8 16. g3 Bh6 17. g4 Ne5 18. Bxc8 Raxc8 19. Nxe5 Qxe5 20. Rf5 Qd4 21. Rd1
Qg1+ 22. Qf1 Qe3+ 23. Ne2 g6 24. Rxf8+ Rxf8 25. Qg2 Bg5 26. Rd3 Qb6 27. b3 Qa5+
28. Nc3 Bh4+ 29. Kd1 Rf2 30. Qh3 Qg5 31. Ne2 Qf6 32. c3 Rf1+ 33. Kc2 Qf2 34. Qe3
Qe1 35. Kb2 Be7 36. b4 a5 37. Kb3 Qb1+ 38. Kc4 Qxa2+ 39. Kd4 b5 40. Ke5 Qf7 41.
g5 Qg7+ 42. Ke6 Qf7+ 43. Ke5 Qg7+ 44. Ke6 Qf7+ 45. Ke5 Bf6+ 46. Kd6 Qe7+ 47.
Kxc6 Bxg5 48. Qd4+ Rf6+ 49. Kxb5 axb4 50. Qd8+ Qxd8 51. Rxd8+ Kg7 52. Rd7+ Kg8
53. cxb4 Re6 54. Nc3 Be3 55. Ka5 Bb6+ 56. Kb5 Bg1 57. h3 h5 58. Kc4 g5 59. Kd5
Rg6 60. e5 g4 61. hxg4 hxg4 62. e6 Kf8 63. Ne4 g3 64. Rf7+ Kg8 65. Nf6+ Rxf6 66.
Rxf6 {Black resigns} 1-0

[Event "Team 45 45 League T49"]
[Site "Internet Chess Club"]
[Date "2011.05.22"]
[Round "2"]
[White "grabuark"]
[Black "noHz"]
[Result "1/2-1/2"]
[WhiteElo "2066"]
[BlackElo "2047"]
[Opening "French: advance, Paulsen attack"]
[ECO "C02"]
[Time "14:00:20"]
[TimeControl "2700+45"]

1. e4 e6 2. d4 d5 3. e5 c5 4. c3 Nc6 5. Nf3 cxd4 6. cxd4 Qb6 7. Nc3 Bd7 8. Be2
Rc8 9. O-O Nge7 10. Na4 Qc7 11. Be3 Nf5 12. Rc1 Be7 13. a3 a5 14. Qb3 O-O 15.
Nb6 Rb8 16. Nxd7 Qxd7 17. Bb5 Rfc8 18. Qa4 Nxe3 19. fxe3 Qd8 20. Rc3 Na7 21.
Rfc1 Rxc3 22. Rxc3 Nxb5 23. Qxb5 Rc8 24. Rxc8 Qxc8 25. h4 h6 26. Kh2 Qc7 27.
Qe8+ {Game drawn by mutual agreement} 1/2-1/2

[Event "Team 45 45 League T49"]
[Site "Internet Chess Club"]
[Date "2011.05.20"]
[Round "2"]
[White "JFlamer"]
[Black "Superman"]
[Result "1-0"]
[WhiteElo "1903"]
[BlackElo "1842"]
[Opening "French: exchange variation"]
[ECO "C01"]
[Time "23:00:07"]
[TimeControl "2700+45"]

1. e4 e6 2. d4 d5 3. exd5 exd5 4. Nf3 Nf6 5. Be2 Bd6 6. Bg5 Bg4 7. h3 Bh5 8. Nc3
c6 9. Ne5 Bg6 10. O-O O-O 11. f4 h6 12. Bh4 Qc7 13. f5 Bh7 14. Bxf6 gxf6 15. Ng4
Nd7 16. Nxh6+ Kh8 17. Bh5 Nb6 18. Qc1 Rae8 19. Ng4 Be7 20. Qh6 Rg8 21. Nxf6 Bxf6
22. Qxf6+ Rg7 23. Rae1 Rg8 24. Re7 Qg3 25. Bg4 Nc4 26. Rf3 Qd6 27. Qxd6 Nxd6 28.
Rd7 Nxf5 29. Bxf5 Bxf5 30. Rxf5 Rxg2+ 31. Kf1 Rg1+ 32. Ke2 R8g2+ 33. Rf2 Kg8 34.
Rxf7 Rxf2+ 35. Rxf2 Rg3 36. Rh2 {Black resigns} 1-0

[Event "Team 45 45 League T49"]
[Site "Internet Chess Club"]
[Date "2011.05.21"]
[Round "2"]
[White "chiiwen"]
[Black "chess9793"]
[Result "1/2-1/2"]
[WhiteElo "2160"]
[BlackElo "2136"]
[Opening "Sicilian: accelerated fianchetto, Maróczy bind, 5...Bg7"]
[ECO "B37"]
[Time "17:01:55"]
[TimeControl "2700+45"]

1. e4 c5 2. Nf3 Nc6 3. d4 cxd4 4. Nxd4 g6 5. c4 Bg7 6. Nc2 Nf6 7. Nc3 d6 8. Be2
O-O 9. O-O Nd7 10. Bd2 a5 11. Na3 Nc5 12. Nab5 Nd4 13. Nxd4 Bxd4 14. Bh6 Bxc3
15. bxc3 Re8 16. f3 e5 17. Qd2 Qe7 18. Rfd1 Rd8 19. Rab1 Be6 20. Be3 Rac8 21.
Rb5 a4 22. Rb6 a3 23. Rb4 Rc6 24. Rdb1 Rd7 25. Qc2 Rdc7 26. Bxc5 Rxc5 27. Qa4
Kg7 28. Qxa3 Bxc4 29. Bxc4 Rxc4 30. Rxc4 Rxc4 31. Qb3 Qc7 32. Qxb7 Qc5+ 33. Kh1
Rxc3 34. h3 Rc2 35. Qa6 Qf2 36. Rg1 Qd2 37. a4 Ra2 38. Qb5 h5 39. Qb3 h4 40. Kh2
{Game drawn by mutual agreement} 1/2-1/2

[Event "Team 45 45 League T49"]
[Site "Internet Chess Club"]
[Date "2011.05.21"]
[Round "2"]
[White "RosewoodTele"]
[Black "wilson97"]
[Result "0-1"]
[WhiteElo "1840"]
[BlackElo "1925"]
[Opening "Sicilian defense"]
[ECO "B20"]
[Time "17:34:40"]
[TimeControl "2700+45"]

1. e4 c5 2. d3 Nc6 3. g3 d5 4. Nd2 Nf6 5. Bg2 e6 6. f4 dxe4 7. dxe4 e5 8. Ngf3
Qc7 9. O-O Bg4 10. c3 O-O-O 11. Qc2 exf4 12. gxf4 Qxf4 13. a4 h5 14. e5 Nxe5 15.
Nxe5 Qxe5 16. Nc4 Qe2 17. Bxb7+ Kxb7 18. Na5+ Ka8 19. Qb3 Bf3 20. Rxf3 Rd1+ 21.
Qxd1 Qxd1+ 22. Rf1 Qc2 23. Bf4 Be7 24. Rfe1 Ng4 25. Bg3 h4 26. Rac1 Qxb2 27. Rb1
Qxb1 28. Rxb1 hxg3 29. hxg3 Rb8 30. Rxb8+ Kxb8 31. Nc6+ Kb7 32. Nxe7 g6 33. Kg2
Ne3+ 34. Kf3 Nd1 35. Nd5 Kc6 36. Ke4 Kd6 37. c4 Nb2 38. Nc3 a6 39. Kf4 Nxc4 40.
Ne4+ Kd5 41. Nf6+ Kd4 42. Kg5 Ne5 43. Ne8 c4 44. Nd6 c3 {White resigns} 0-1

[Event "Team 45 45 League T49"]
[Site "Internet Chess Club"]
[Date "2011.05.23"]
[Round "2"]
[White "flyingpawns"]
[Black "Ben777"]
[Result "0-1"]
[WhiteElo "1682"]
[BlackElo "1807"]
[Opening "Dutch defense"]
[ECO "A84"]
[Time "19:01:43"]
[TimeControl "2700+45"]

1. d4 f5 2. c4 g6 3. Nc3 Bg7 4. Nf3 Nf6 5. e3 O-O 6. Bd3 d6 7. O-O Qe8 8. Qb3
Kh8 9. e4 fxe4 10. Nxe4 Nxe4 11. Bxe4 Nc6 12. Be3 Rb8 13. h3 Bd7 14. d5 Na5 15.
Qc2 b6 16. Rab1 Nb7 17. a3 Nc5 18. Bxc5 bxc5 19. b4 cxb4 20. axb4 Qc8 21. Kh2 c5
22. bxc5 Qxc5 23. Qa2 a5 24. Ne1 Qd4 25. Bd3 a4 26. Bc2 Rxb1 27. Bxb1 Qh4 28.
Nd3 Rc8 29. Rc1 Bd4 30. Qe2 Bf5 31. Kg1 Rb8 32. Rf1 a3 33. Ba2 Qg3 34. Nc1 Bxh3
35. Qe4 Qg4 36. Qxg4 Bxg4 37. Nb3 Bf6 38. Re1 Rb4 39. f3 Bf5 40. g4 Bd3 41. Nc1
Bxc4 42. Re4 Bxa2 43. Rxb4 Bxd5 44. Ra4 Bxf3 45. Rxa3 Bxg4 46. Nd3 Kg7 47. Kg2
g5 48. Nf2 Bf5 49. Rb3 Kg6 50. Rb5 Bd4 51. Nh3 h6 52. Kg3 Kf6 53. Nf2 h5 54. Nh3
e6 55. Rb8 h4+ 56. Kg2 g4 57. Nf4 Ke5 58. Ne2 Be3 59. Rb3 Bg5 60. Rb8 d5 61. Rg8
Bd2 62. Rd8 Ke4 63. Ra8 Ke3 64. Ng1 d4 65. Ra3+ d3 66. Ra4 Be1 67. Ra3 h3+ 68.
Kh1 Bg3 69. Nxh3 gxh3 70. Ra4 Be4+ 71. Rxe4+ Kxe4 72. Kg1 h2+ 73. Kh1 d2 74. Kg2
d1=Q 75. Kxg3 Qf3+ 76. Kxh2 Qg4 77. Kh1 Kf3 {White resigns} 0-1

[Event "Team 45 45 League T49"]
[Site "Internet Chess Club"]
[Date "2011.05.22"]
[Round "2"]
[White "sibirica"]
[Black "Oblio"]
[Result "0-1"]
[WhiteElo "2334"]
[BlackElo "2436"]
[Opening "French: exchange variation"]
[ECO "C01"]
[Time "11:00:31"]
[TimeControl "2700+45"]

1. e4 e6 2. d4 d5 3. exd5 exd5 4. Bd3 Nc6 5. c3 Bd6 6. Nf3 Bg4 7. O-O Nge7 8.
Re1 Qd7 9. Nbd2 O-O-O 10. b4 Ng6 11. Nf1 Rde8 12. Ne3 Nf4 13. Nxg4 Nxd3 14.
Rxe8+ Rxe8 15. Qxd3 Qxg4 16. h3 Qg6 17. Qxg6 hxg6 18. Bd2 f6 19. Kf1 Kd7 20. Ne1
Ne7 21. Nd3 g5 22. Re1 Rh8 23. f4 gxf4 24. Bxf4 g5 25. Bxd6 cxd6 26. Ke2 Nf5 27.
Kd2 Ng3 28. Nf2 f5 29. Nd1 Ne4+ 30. Kd3 f4 31. Re2 Rc8 32. Rc2 Ng3 33. Rf2 Re8
34. h4 Re1 35. Nb2 Re3+ 36. Kc2 Ne4 37. Rf3 Rxf3 38. gxf3 gxh4 39. Nd3 Ng5 40.
Nxf4 h3 41. Ne2 h2 42. Ng3 Nxf3 43. Kd3 b5 44. Ke2 Ng5 45. Nh1 Ne4 {White
resigns} 0-1

[Event "Team 45 45 League T49"]
[Site "Internet Chess Club"]
[Date "2011.05.23"]
[Round "2"]
[White "DTK"]
[Black "zeigmata"]
[Result "1/2-1/2"]
[WhiteElo "2227"]
[BlackElo "2280"]
[Opening "Sicilian"]
[ECO "B50"]
[Time "12:14:08"]
[TimeControl "2700+45"]

1. e4 c5 2. Nf3 d6 3. c3 Nf6 4. Bd3 g6 5. Bc2 Nc6 6. h3 Bg7 7. O-O O-O 8. d4 e5
9. dxc5 dxc5 10. Qe2 b6 11. Nbd2 Qc7 12. Nc4 Nh5 13. Rd1 Ba6 14. Bd3 Bb7 15. g3
b5 16. Ne3 c4 17. Bc2 Ne7 18. Ng4 f5 19. Nh6+ Kh8 20. Bg5 Nf6 21. Nd2 Qc6 22. f3
Qe6 23. Kh2 Nh5 24. b3 f4 25. g4 Ng3 26. Qf2 Bf6 27. h4 Bxg5 28. hxg5 Nc6 29.
bxc4 bxc4 30. Qc5 Rac8 31. Rab1 Ba8 32. Qa3 Kg7 33. Qa6 Qe7 34. Nxc4 Qxg5 35.
Nf7 Qh4+ 36. Kg2 Ne2 37. Nfxe5 Qg3+ 38. Kf1 Nxc3 39. Rd7+ Kh6 40. Rbb7 Bxb7 41.
Qxb7 Qh3+ 42. Kg1 Qg3+ {Game drawn by mutual agreement} 1/2-1/2

[Event "Team 45 45 League T49"]
[Site "Internet Chess Club"]
[Date "2011.05.21"]
[Round "2"]
[White "aww-rats"]
[Black "FlyingTiger"]
[Result "1-0"]
[WhiteElo "2097"]
[BlackElo "1824"]
[Opening "Sicilian: accelerated fianchetto, modern variation"]
[ECO "B34"]
[Time "18:04:10"]
[TimeControl "2700+45"]

1. e4 c5 2. Nf3 g6 3. d4 cxd4 4. Nxd4 Nc6 5. Nc3 Bg7 6. Nde2 Nf6 7. g3 O-O 8.
Bg2 d6 9. O-O Qa5 10. Nd5 Nxd5 11. exd5 Ne5 12. h3 Nc4 13. c3 b5 14. b3 Ne5 15.
Bd2 Qc7 16. Nd4 a6 17. f4 Nd7 18. Nc6 Nb8 19. Nd4 Nd7 20. Re1 Re8 21. Rc1 Bb7
22. Nc6 Bxc6 23. dxc6 Nc5 24. Be3 Rad8 25. Kh2 Ne6 26. Qd5 Qa5 27. b4 Qa3 28.
Qb3 Qxb3 29. axb3 d5 30. Red1 Rd6 31. Bxd5 Red8 32. c4 bxc4 33. bxc4 Nc7 34. Bc5
Nxd5 35. cxd5 {Black forfeits on time} 1-0

[Event "Team 45 45 League T49"]
[Site "Internet Chess Club"]
[Date "2011.05.22"]
[Round "2"]
[White "JMB2009"]
[Black "filiusdextris"]
[Result "0-1"]
[WhiteElo "1811"]
[BlackElo "2105"]
[Opening "Caro-Kann: Bronstein-Larsen variation"]
[ECO "B16"]
[Time "17:00:31"]
[TimeControl "2700+45"]

1. e4 c6 2. d4 d5 3. Nc3 dxe4 4. Nxe4 Nf6 5. Nxf6+ gxf6 6. c3 Qd5 7. Nf3 Rg8 8.
g3 Bg4 9. Bg2 Qe4+ 10. Qe2 Qxe2+ 11. Kxe2 e5 12. dxe5 fxe5 13. h3 Bh5 14. g4 Nd7
15. Nh4 Bg6 16. Nxg6 hxg6 17. f4 O-O-O 18. Rd1 Re8 19. fxe5 Nxe5 20. Kf1 Bc5 21.
b3 f5 22. g5 f4 23. Re1 f3 24. Bh1 Rh8 25. Rxe5 Rxe5 26. Bxf3 Rf8 27. Kg2 Re1
28. Bb2 Re3 29. Rf1 Rfxf3 30. Rxf3 Re2+ 31. Kf1 Rxb2 32. Rf6 Rb1+ 33. Ke2 Rh1
34. Rxg6 Rxh3 35. b4 Be7 36. Rg7 Kd7 37. g6 Rxc3 38. Kf2 Rc4 39. Kg3 Rxb4 40.
Rh7 Rb1 41. Kf2 Rb5 42. Rh8 Rf5+ 43. Ke3 Rg5 44. Rb8 Kc7 45. Rg8 b5 46. g7 Bf6
47. Ra8 Rxg7 48. Rxa7+ Kb6 49. Ra8 Ra7 50. Rb8+ Kc5 51. Rf8 Ra3+ 52. Ke4 Ra4+
53. Kf3 Bc3 54. Rf5+ Kc4 55. Rf4+ Bd4 56. Rg4 Rxa2 57. Rg6 c5 {White resigns}
0-1

[Event "Team 45 45 League T49"]
[Site "Internet Chess Club"]
[Date "2011.05.21"]
[Round "2"]
[White "Paulkov"]
[Black "CamLeslie"]
[Result "1-0"]
[WhiteElo "2290"]
[BlackElo "1999"]
[Opening "Sicilian: accelerated fianchetto, Breyer variation"]
[ECO "B39"]
[Time "14:07:15"]
[TimeControl "2700+45"]

1. e4 c5 2. Nf3 g6 3. d4 cxd4 4. Nxd4 Nc6 5. c4 Bg7 6. Be3 Nf6 7. Nc3 Ng4 8.
Qxg4 Nxd4 9. Qd1 Ne6 10. Be2 Bxc3+ 11. bxc3 Qc7 12. Qd5 d6 13. Rb1 Nc5 14. e5
Bf5 15. exd6 Qxd6 16. Rb2 Qxd5 17. cxd5 b6 18. Bxc5 bxc5 19. c4 Kd8 20. Rb5 Rc8
21. Kd2 h5 22. Bd3 Bxd3 23. Kxd3 Kd7 24. Rhb1 Rc7 25. Ra5 e6 26. Rbb5 Rhc8 27.
Ra6 exd5 28. cxd5 Re8 29. Rf6 Re7 30. d6 {Black resigns} 1-0

[Event "Team 45 45 League T49"]
[Site "Internet Chess Club"]
[Date "2011.05.21"]
[Round "2"]
[White "chess9793"]
[Black "MaartenKoning"]
[Result "1/2-1/2"]
[WhiteElo "2135"]
[BlackElo "2241"]
[Opening "Ruy Lopez: Schliemann defense, Berger variation"]
[ECO "C63"]
[Time "11:15:43"]
[TimeControl "2700+45"]

1. e4 e5 2. Nf3 Nc6 3. Bb5 f5 4. Nc3 fxe4 5. Nxe4 d5 6. Nxe5 dxe4 7. Nxc6 Qg5 8.
Qe2 Nf6 9. Nxa7+ Bd7 10. Bxd7+ Nxd7 11. f4 Qf5 12. Nb5 O-O-O 13. O-O Qc5+ 14.
Kh1 Qxc2 15. Nd4 Qd3 16. Qxd3 exd3 17. b3 g6 18. Ne6 Re8 19. Bb2 Rg8 20. Nxf8
Rgxf8 21. Rae1 Re2 22. Rxe2 dxe2 23. Re1 Rxf4 24. Kg1 Re4 25. d4 Nf6 26. g3 Nd5
27. Kf2 Nb4 28. Rxe2 Rxe2+ 29. Kxe2 Nxa2 30. Kd3 Nb4+ 31. Ke4 c6 32. Bc3 Nd5 33.
Bd2 Nf6+ 34. Ke5 Ng4+ 35. Ke6 Nxh2 36. Kf7 Nf3 37. Be3 g5 38. Kf6 h5 39. Bxg5
Nxd4 40. b4 Nc2 41. Bd2 Nd4 42. Be1 Nf3 43. Bf2 Kd7 44. Kg6 Ke6 45. Kxh5 Ne5 46.
Bc5 Kf5 {Game drawn by mutual agreement} 1/2-1/2

[Event "Team 45 45 League T49"]
[Site "Internet Chess Club"]
[Date "2011.05.23"]
[Round "2"]
[White "Campagnolo"]
[Black "Chess-Dream"]
[Result "0-1"]
[WhiteElo "2060"]
[BlackElo "1949"]
[Opening "Queen's Indian: Nimzovich variation (exaggerated fianchetto)"]
[ECO "E15"]
[Time "21:00:50"]
[TimeControl "2700+45"]

1. Nf3 Nf6 2. c4 e6 3. d4 b6 4. g3 Ba6 5. b3 Bb7 6. Bg2 Bb4+ 7. Bd2 c5 8. O-O
O-O 9. a3 Bxd2 10. Qxd2 Qc7 11. Nc3 a6 12. Rac1 h6 13. Rfd1 d6 14. Qd3 Nc6 15.
dxc5 dxc5 16. Qd6 Qxd6 17. Rxd6 Rfd8 18. Rcd1 Rxd6 19. Rxd6 Rd8 20. Rxd8+ Nxd8
21. Ne5 Bxg2 22. Kxg2 Nb7 23. Kf3 Kf8 24. Na4 b5 25. Nb6 Ne8 26. Ke3 Ke7 27.
cxb5 axb5 28. a4 Na5 29. axb5 f6 30. Ng6+ Kf7 31. Nf4 Nd6 32. Kd3 Nxb3 33. Na4
Ke7 34. b6 Kd7 35. Kc3 c4 36. Kb4 e5 37. Nh5 Nc1 38. Nxg7 Nxe2 39. Nh5 f5 40.
Nf6+ Kc6 41. Ng8 Nc1 42. Nxh6 Nd3+ 43. Kc3 Nxf2 44. Ng8 Kb5 45. Nb2 Nfe4+ 46.
Kc2 Kxb6 47. Ne7 Kc5 48. Ng6 Kd4 49. Nd1 Nf7 50. Nh4 Nfd6 51. Nf3+ Kd5 52. Ne3+
Ke6 53. Nd2 Nxd2 54. Kxd2 f4 55. gxf4 exf4 56. Nc2 Kf5 57. Ke2 Kg4 58. Nd4 Ne4
59. Nf3 Nc3+ 60. Kf2 Nd1+ 61. Ke2 Ne3 62. Ne5+ Kf5 63. Nf3 Ke4 64. Nd2+ Kd4 65.
Nxc4 Nxc4 66. Kf3 Ke5 67. h4 Nd6 68. h5 Nf5 69. Kg4 Ke4 {White resigns} 0-1

[Event "Team 45 45 League T49"]
[Site "Internet Chess Club"]
[Date "2011.05.22"]
[Round "2"]
[White "leland"]
[Black "AreYouSerious"]
[Result "1-0"]
[WhiteElo "1880"]
[BlackElo "2016"]
[Opening "Caro-Kann: classical variation"]
[ECO "B18"]
[Time "19:30:52"]
[TimeControl "2700+45"]

1. e4 c6 2. d4 d5 3. Nc3 dxe4 4. Nxe4 Bf5 5. Ng3 Bc8 6. c3 Nf6 7. Nf3 g6 8. Bd3
Bg7 9. O-O O-O 10. Re1 Bg4 11. h3 Qa5 12. hxg4 Qc7 13. Bg5 e6 14. Bxf6 Bxf6 15.
g5 Be7 16. Qe2 Qf4 17. Qe5 Qxe5 18. dxe5 Nd7 19. Ne4 Rad8 20. Bc2 Nb6 21. Bb3
Rd7 22. Rad1 Rfd8 23. Rxd7 Rxd7 24. Rd1 Rxd1+ 25. Bxd1 Nc4 26. b3 Nb6 27. Nf6+
Bxf6 28. gxf6 Nd5 29. c4 Nc3 30. Bc2 Nxa2 31. Kf1 Nb4 32. Bb1 Kf8 33. Ke2 Na6
34. Kd3 Nc5+ 35. Kc3 Nd7 36. b4 h6 37. Kd4 b6 38. c5 Ke8 39. Be4 Nb8 40. cxb6
axb6 41. Nd2 Kf8 42. Nc4 Na6 43. Nxb6 Nxb4 44. Kc3 Nd5+ 45. Bxd5 cxd5 46. Kd4
Ke8 47. Kc5 Kd8 48. Kd6 Ke8 49. Na4 Kd8 50. Nc5 Ke8 51. Kc7 Kf8 52. f4 Ke8 53.
Kc8 Kf8 54. Kd7 d4 55. Nd3 g5 56. fxg5 hxg5 57. g4 Kg8 58. Ke7 {Black resigns}
1-0

[Event "Team 45 45 League T49"]
[Site "Internet Chess Club"]
[Date "2011.05.24"]
[Round "2"]
[White "Uwak"]
[Black "easycure"]
[Result "1-0"]
[WhiteElo "2399"]
[BlackElo "2272"]
[Opening "Caro-Kann: advance variation"]
[ECO "B12"]
[Time "22:07:05"]
[TimeControl "2700+45"]

1. e4 c6 2. d4 d5 3. e5 c5 4. Nf3 Nc6 5. dxc5 Bg4 6. c3 e6 7. Be3 Bxf3 8. Qxf3
Nxe5 9. Bb5+ Nc6 10. O-O Nf6 11. c4 a6 12. Ba4 Qa5 13. Nc3 Bxc5 14. cxd5 Nxd5
15. Nxd5 {Black resigns} 1-0